 Dungeon Crawl Stone Soup version 0.19.1-1-g22dce08 (webtiles) character file.

90 ponk the Shooter (level 4, 0/36 HPs)
             Began as a Centaur Hunter on Jan 14, 2017.
             Succumbed to an adder's poison
             ... on level 2 of the Dungeon.
             The game lasted 00:06:23 (1620 turns).

ponk the Shooter (Centaur Hunter)                   Turns: 1620, Time: 00:06:24

Health: 0/36       AC:  5    Str: 15    XL:     4   Next: 32%
Magic:  4/4        EV:  9    Int: 10    God:
Gold:   130        SH:  0    Dex: 13    Spells: 0 memorised, 3 levels left

rFire  . . .     SeeInvis .     b - +0 short sword
rCold  . . .     Gourm    .     c - +1 leather armour
rNeg   . . .     Faith    .     (no shield)
rPois  .         Spirit   .     (no helmet)
rElec  .         Reflect  .     (no cloak)
rCorr  .         Harm     .     (no gloves)
MR     .....                    (no barding)
Stlth  +.........               (no amulet)
                                (no ring)
                                h - +3 ring of dexterity

@: lethally poisoned (0 -> -2), very quick
A: hooves 3, deformed body, speed 2, tough skin 3
a: no special abilities


You were on level 2 of the Dungeon.
You were not hungry.

You visited 1 branch of the dungeon, and saw 2 of its levels.

You collected 130 gold pieces.

Inventory:

Hand Weapons
 a - a +1 shortbow
 b - a +0 short sword (weapon)
 t - a +0 spear
 v - a +0 hunting sling
Missiles
 d - 11 arrows
 q - 2 tomahawks (quivered)
Armour
 c - a +1 leather armour (worn)
Jewellery
 g - an uncursed amulet of harm {unknown}
 h - a +3 ring of dexterity (left hand)
 w - a +2 ring of slaying {unknown}
Scrolls
 j - a scroll of noise {unknown}
 n - a scroll of remove curse {unknown}
 p - a scroll of random uselessness {unknown}
 s - a scroll of identify {unknown}
 u - a scroll of blinking {unknown}
Potions
 e - a potion of haste {unknown}
 i - 2 potions of degeneration {unknown}
 l - a potion of curing {unknown}
 m - 2 potions of brilliance {unknown}
 o - a potion of agility {unknown}
 r - a potion of heal wounds
Comestibles
 f - 3 bread rations
 k - 2 chunks of flesh


   Skills:
 - Level 2.0 Fighting
 + Level 7.7 Bows
 - Level 1.3 Dodging
 - Level 0.4 Stealth


You had 3 spell levels left.
You didn't know any spells.

Dungeon Overview and Level Annotations

Branches:
Dungeon (2/15)

Altars:


Innate Abilities, Weirdness & Mutations

You have hooves in place of feet.
Armour fits poorly on your strangely shaped body.
You cover ground very quickly.
You have extremely tough skin. (AC +3)


Message History

The adder closely misses you. The adder barely misses you.
The adder closely misses you. The adder bites you but does no damage.
You feel sick.
You are no longer poisoned.
The adder closely misses you. The adder bites you.
* * * LOW HITPOINT WARNING * * *
You are poisoned.
The adder poisons you! The adder bites you but does no damage.
You feel sick. The adder closely misses you. The adder closely misses you.
The adder closely misses you. The adder bites you.
* * * LOW HITPOINT WARNING * * *
You feel sick. The adder bites you.
* * * LOW HITPOINT WARNING * * *
The adder closely misses you. The adder closely misses you.
The adder closely misses you. The adder bites you but does no damage.
You die...

.#..#
#....................#####.
#.#.#
#.##############...........
###.# #.# #.....######
...####.# ##†..## #.......#
##.†.## #.####### ##.....##
#.# ###.......# #..
##########.>.......# ###
......S@...#.......#
#############.....##
##...## #####


You could see an adder.

Vanquished Creatures
  5 adders (D:2)
  A worm (D:2)
  A dart slug (D:2)
  A leopard gecko (D:1)
  An orc (D:2)
  5 ball pythons
  6 goblins
  4 hobgoblins
  A quokka (D:2)
  7 bats
  6 frilled lizards
  3 kobolds
  3 rats (D:1)
44 creatures vanquished.

Notes
Turn   | Place    | Note
-------+----------+-------------------------------------------
     0 | D:1      | ponk the Centaur Hunter began the quest for the Orb.
     0 | D:1      | Reached XP level 1. HP: 17/17 MP: 1/1
   147 | D:1      | Reached XP level 2. HP: 24/24 MP: 2/2
   280 | D:1      | Reached skill level 6 in Bows
   629 | D:2      | Reached XP level 3. HP: 22/29 MP: 3/3
   912 | D:2      | Reached skill level 7 in Bows
  1073 | D:2      | Reached XP level 4. HP: 20/36 MP: 4/4
  1616 | D:2      | HP: 1/36 [adder (4)]
  1620 | D:2      | Succumbed to an adder's poison

Skill      XL: |  1  2  3 |
---------------+----------+-----
Bows           | 6 7 |  7.7
Fighting       | |  2.0
Dodging        | |  1.3
Stealth        | |  0.4

Action                   |  1- 3 |  4- 6 || total
-------------------------+-------+-------++-------
Melee: Short sword       |    47 |    22 ||    69
       Kick              |     8 |     4 ||    12
 Fire: Shortbow          |    83 |    13 ||    96
Throw: Tomahawk          |       |     2 ||     2
  Use: Scroll            |     1 |       ||     1
  Eat: Chunk             |       |     1 ||     1
Armor: Leather armour    |    23 |    28 ||    51
Dodge: Dodged            |    47 |    37 ||    84
